 Dungeon Crawl Stone Soup version 0.21-a0-404-g291f19a (webtiles) character file.

65 KristoblXynda the Ducker (level 3, -2/19 HPs)
             Began as a Spriggan Monk on Oct 29, 2017.
             Slain by Natasha (10 damage)
             ... on level 2 of the Dungeon.
             The game lasted 00:02:35 (1492 turns).

KristoblXynda the Ducker (Spriggan Monk)            Turns: 1492, Time: 00:02:36

Health: -2/19      AC:  2    Str:  8    XL:     3   Next: 94%
Magic:  4/4        EV: 27    Int: 11    God:
Gold:   52         SH:  0    Dex: 23    Spells: 2/2 levels left

rFire    . . .     SeeInvis +   a - +0 falchion
rCold    . . .     Gourm    .   (shield restricted)
rNeg     . . .     Faith    .   b - +0 robe
rPois    .         Spirit   .   (helmet restricted)
rElec    .         Reflect  .   (no cloak)
rCorr    .         Harm     .   (gloves unavailable)
MR       .....                  (boots unavailable)
Stlth    ++++......             (no amulet)
HPRegen  0.06/turn              (no ring)
MPRegen  0.09/turn              (no ring)

@: agile, very quick
A: unfitting armour, see invisible, herbivore 3, speed 3, slow metabolism 2,
wild magic 1
a: no special abilities


You were on level 2 of the Dungeon.
You were not hungry.

You visited 1 branch of the dungeon, and saw 2 of its levels.

You collected 52 gold pieces.

Inventory:

Hand Weapons
 a - a +0 falchion (weapon)
Armour
 b - a +0 robe (worn)
Scrolls
 h - a scroll of amnesia {unknown}
Potions
 i - a potion of haste {unknown}
Comestibles
 c - a bread ration


   Skills:
 - Level 2.4 Fighting
 * Level 3.3 Long Blades
 + Level 5.1 Dodging
 + Level 4.2 Stealth


You had 2 spell levels left.
You didn't know any spells.

Dungeon Overview and Level Annotations

Branches:
Dungeon (2/15)

Altars:

Annotations:
D:2 Natasha


Innate Abilities, Weirdness & Mutations

You are very small and have problems with some larger weapons.
You are too small for most types of armour.
You have supernaturally acute eyesight. (SInv)
You are a herbivore.
You cover ground extremely quickly.
You need consume almost no food.
Your spells are a little harder to cast, but a little more powerful.


Message History

Natasha closely misses you. Natasha claws you!
* * * LOW HITPOINT WARNING * * *
You feel much better.
Natasha stares at you and mumbles some strange words.
The magic dart hits you!
You closely miss Natasha.
Natasha is heavily wounded.
Natasha closely misses you.
You hit Natasha.
Natasha is heavily wounded.
Natasha stares at you and mumbles some strange words.
The magic dart hits you!
You hit Natasha.
Natasha is severely wounded.
Natasha completely misses you.
You closely miss Natasha.
Natasha is severely wounded.
Natasha claws you!
Ouch! That really hurt!
You die...

### #.# #.# #.. #.# #.#
.######.####.# #.#
.............###.#
.5..$.%........#.############
.#h.###.######.#............###
#..5##K## #.##########.....#
#..h..# #.# #######.###.#
#....#..# #@# #.......# #(.
#.##.#.†#####h####.#####.###.#
.. #....h.K.>......# #.....#
#.#..#########.## ###.###
...#..# #....# #.# #..# #....#
#.. #..# #...## #. #... ##.#
#.## #.


You could see Natasha.

Vanquished Creatures
  An adder (D:2)
  2 oozes (D:1)
  A worm (D:2)
  2 leopard geckos (D:1)
  A ball python (D:1)
  6 bats
  2 giant cockroaches (D:1)
  2 goblins (D:1)
  3 hobgoblins (D:1)
  4 jackals (D:2)
  9 kobolds
  7 rats
40 creatures vanquished.

Notes
Turn   | Place    | Note
-------+----------+-------------------------------------------
     0 | D:1      | KristoblXynda the Spriggan Monk began the quest for the Orb.
     0 | D:1      | Reached XP level 1. HP: 11/11 MP: 2/2
    30 | D:1      | Reached XP level 2. HP: 12/16 MP: 3/3
   417 | D:1      | Reached XP level 3. HP: 14/19 MP: 4/4
   829 | D:1      | Reached skill level 5 in Dodging
  1448 | D:2      | Noticed Natasha
  1472 | D:2      | Gained mutation: Your spells are a little harder to cast, but a little more powerful. [potion of mutation]
  1492 | D:2      | Slain by Natasha

Vault maps used:
D:1:      minmay_arrival_three_doors, serial_forest,
          infiniplex_forest_lined_4_way, infiniplex_forest_lined_2,
          infiniplex_forest_end_3, infiniplex_forest_lined_1
D:2:      uniq_natasha, uniq_jessica

Skill      XL: |  1  2  3 |
---------------+----------+-----
Long Blades    | 3 |  3.3
Dodging        | 5 |  5.1
Stealth        | 4 |  4.2
Fighting       | |  2.4

Action                   || total
-------------------------++-------
Melee: Falchion          ||   144
  Use: Potion            ||     6
       Scroll            ||     3
 Stab: Sleeping          ||     5
Armor: Robe              ||     6
Dodge: Dodged            ||   132
       Rpst.: Falchion   ||    44

Table legend:
 A = Spawn XP
 B = Non-spawn XP
 C = Spawn XP percentage of total XP
 D = Spawn monster count
 E = Non-spawn monster count
 F = Spawn count percentage of total count
 G = Total turns spent on level
                    A         B        C        D         E        F      G
               +---------+---------+-------+---------+---------+-------+---------
         Total |       0 |      94 |   0.0 |       0 |      40 |   0.0 |  1492
               +---------+---------+-------+---------+---------+-------+---------
           D:1 |       0 |      60 |   0.0 |       0 |      28 |   0.0 |  1079
           D:2 |       0 |      34 |   0.0 |       0 |      12 |   0.0 |   413
               +---------+---------+-------+---------+---------+-------+---------
